 Dungeon Crawl Stone Soup version 0.22.1-1-ga44c0e5 (webtiles) character file.

1290 delarado the Arsonist (level 8, -13/41 HPs)
             Began as a Deep Elf Fire Elementalist on Nov 7, 2018.
             Was an Initiate of Vehumet.
             Killed from afar by Blork the orc (15 damage)
             ... with a wand of acid (5)
             ... on level 6 of the Dungeon.
             The game lasted 00:21:36 (6386 turns).

delarado the Arsonist (Deep Elf Fire Elementalist)  Turns: 6386, Time: 00:21:37

Health: -13/41     AC:  0    Str:  5    XL:     8   Next: 30%
Magic:  9/14       EV: 13    Int: 23    God:    Vehumet [......]
Gold:   351        SH:  0    Dex: 15    Spells: 8/13 levels left

rFire    + + .     SeeInvis .   e - +2 short sword (venom)
rCold    x x .     Gourm    .   (no shield)
rNeg     . . .     Faith    .   a - +0 robe
rPois    .         Spirit   .   i - +1 helmet
rElec    .         Reflect  .   (no cloak)
rCorr    .         Harm     .   (no gloves)
MR       .....                  (no boots)
Stlth    ++........             (no amulet)
HPRegen  0.13/turn              w - ring of fire
MPRegen  0.14/turn              p - ring of fire

@: corroded
A: no striking features
a: Renounce Religion


You were on level 6 of the Dungeon.
You worshipped Vehumet.
Vehumet was noncommittal.
You were not hungry.

You visited 2 branches of the dungeon, and saw 7 of its levels.

You collected 351 gold pieces.

Inventory:

Hand Weapons
 b - a +0 dagger
 e - a +2 short sword of venom (weapon)
 f - a +0 hunting sling
 g - a +0 mace
 j - a +1 dagger of speed
 l - a +0 hunting sling
Missiles
 m - a throwing net
 o - 74 sling bullets
 q - 152 stones (quivered)
Armour
 a - a +0 robe (worn)
 i - a +1 helmet (worn)
Jewellery
 d - an uncursed ring of resist corrosion
 p - a ring of fire (right hand)
 w - a ring of fire (left hand)
 x - an uncursed ring of poison resistance
Wands
 B - a wand of flame (9)
Scrolls
 k - a scroll of fear
 s - a scroll of fog
 t - 2 scrolls of identify
 u - a scroll of remove curse
 y - a scroll of amnesia
Potions
 h - a potion of cancellation
 n - a potion of haste
 r - 2 potions of agility
 v - 2 potions of might
 z - a potion of heal wounds
Comestibles
 c - 14 rations


   Skills:
 - Level 2.4 Dodging
 - Level 2.4 Stealth
 - Level 3.0 Spellcasting
 + Level 7.8 Conjurations
 + Level 8.5 Fire Magic


You had 8 spell levels left.
You knew the following spells:

 Your Spells              Type           Power        Failure   Level  Hunger
a - Flame Tongue          Conj/Fire      #####        1%          1    None
b - Sticky Flame          Conj/Fire      #######.     4%          4    ####...

Your spell library contained the following spells:

 Spells                   Type           Power        Failure   Level  Hunger
 Throw Flame              Conj/Fire      ######       1%          2    ##.....
 Conjure Flame            Conj/Fire      #######.     1%          3    ###....
 Inner Flame              Hex/Fire       ######..     6%          3    ###....
 Fireball                 Conj/Fire      #######...   11%         5    ######.
 Summon Small Mammal      Summ           #...         12%         1    None
 Call Imp                 Summ           #.......     17%         2    ##.....
 Call Canine Familiar     Summ           #.......     34%         3    ###....
 Summon Guardian Golem    Hex/Summ       #.......     34%         3    ###....
 Summon Ice Beast         Ice/Summ       #.......     75%         4    ####...
 Summon Lightning Spire   Summ/Air       #.......     75%         4    ####...


Dungeon Overview and Level Annotations

Branches:
Dungeon (6/15)             Temple (1/1) D:5

Altars:
Ashenzari
Cheibriados
Dithmenos
Elyvilon
Fedhas
Gozag
Hepliaklqana
Kikubaaqudgha
Makhleb
Okawaru
Sif Muna
Trog
Vehumet
Xom
Yredelemnul

Annotations:
D:6 Blork the orc


Message History

* * * LOW HITPOINT WARNING * * *
It is a wand of acid (5).
Casting: Sticky Flame (safe; 4% risk of failure)
Confirm with . or Enter, or press ? or * to list all spells.
Aiming: Sticky Flame (safe; 4% risk of failure)
Press: ? - help, Shift-Dir - straight line, f/p - Blork the orc
Aim: Blork the orc, wielding a mace of protection, wearing a leather armour and You feel a strong surge of power!
The sticky flame hits Blork the orc.
Blork the orc is moderately wounded.
Blork the orc is covered in liquid flames!
Blork the orc burns!
Blork the orc completely misses you.
Blork the orc burns!
Blork the orc screams, "You are the ugliest creature I've ever seen!"
Blork the orc looks encouraged for a moment.
Blork the orc burns!
Blork the orc casts a spell at you. The magic dart hits you!
* * * LOW HITPOINT WARNING * * *
Blork the orc zaps a wand.
The bolt of acid hits you!
You die...

#...#########
#............
#...#.......(
##[.#.#######
#.....######..
#.o....(......
#.#...######.(
#.##.## #@##.#
#.##.# #.##.#
######.##.#
#......##..
#.###### #.#
#.# #.#


You could see Blork the orc (burning).

Vanquished Creatures
  An ice beast (D:5)
  An orc warrior (D:6)
  A black bear (D:6)
  2 ogres (D:4)
  2 centaurs (D:5)
  A scorpion (D:4)
  3 orc priests
  2 hounds
  A bullfrog skeleton (D:6)
  A gnoll shaman (D:4)
  Terence (D:3)
  4 orc wizards
  3 worker ants
  10 adders
  3 gnolls (D:4)
  2 adder skeletons
  3 worms
  4 dart slugs
  2 leopard geckos
  8 orcs
  11 bats
  6 giant cockroaches
  7 goblins
  8 hobgoblins
  3 jackals (D:1)
  2 quokkas (D:3)
  8 frilled lizards
  13 kobolds
  A leopard gecko skeleton (D:4)
  7 rats
121 creatures vanquished.

Notes
Turn   | Place    | Note
-------+----------+-------------------------------------------
     0 | D:1      | delarado the Deep Elf Fire Elementalist began the quest for
                  | the Orb.
     0 | D:1      | Reached XP level 1. HP: 10/10 MP: 6/6
   188 | D:1      | Reached XP level 2. HP: 15/15 MP: 4/8
   601 | D:1      | Reached skill level 4 in Fire Magic
   688 | D:1      | Reached XP level 3. HP: 19/19 MP: 4/9
  1201 | D:2      | Reached XP level 4. HP: 24/24 MP: 6/10
  1813 | D:2      | Learned a level 4 spell: Sticky Flame
  2101 | D:3      | Reached skill level 5 in Fire Magic
  2279 | D:2      | Reached XP level 5. HP: 15/28 MP: 5/11
  3309 | D:3      | Noticed Terence
  3321 | D:3      | Killed Terence
  3430 | D:4      | Reached XP level 6. HP: 29/32 MP: 7/12
  3846 | D:4      | Reached skill level 5 in Conjurations
  3846 | D:4      | Reached skill level 6 in Fire Magic
  4004 | D:4      | Found a white marble altar of Elyvilon.
  4275 | D:4      | Reached XP level 7. HP: 36/36 MP: 5/13
  4626 | D:4      | Found a blossoming altar of Fedhas.
  4666 | D:5      | Entered Level 5 of the Dungeon
  4755 | D:5      | Reached skill level 7 in Fire Magic
  5183 | D:5      | Found a staircase to the Ecumenical Temple.
  5193 | Temple   | Entered the Ecumenical Temple
  5440 | Temple   | Became a worshipper of Vehumet
  5782 | D:6      | Reached XP level 8. HP: 41/41 MP: 7/14
  5784 | D:6      | Reached skill level 8 in Fire Magic
  5905 | D:6      | Noticed Blork the orc
  6386 | D:6      | HP: 2/41 [Blork the orc/magic dart (8)]
  6386 | D:6      | Killed from afar by Blork the orc

Skill      XL: |  1  2  3  4  5  6  7  8 |
---------------+-------------------------+-----
Conjurations   | 2 3 4 5 7 |  7.8
Fire Magic     | 4 5 6 7 8 |  8.5
Dodging        | |  2.4
Stealth        | |  2.4
Spellcasting   | |  3.0

Action                   |  1- 3 |  4- 6 |  7- 9 || total
-------------------------+-------+-------+-------++-------
Melee: Unarmed           |     2 |       |       ||     2
       Short sword       |     3 |    35 |    15 ||    53
Throw: Stone             |    62 |    72 |    18 ||   152
 Cast: Flame Tongue      |    67 |    56 |    25 ||   148
       Sticky Flame      |       |    11 |    18 ||    29
  Use: Scroll            |     3 |     7 |     4 ||    14
       Potion            |       |     2 |       ||     2
  Eat: Chunk             |     1 |     4 |    11 ||    16
       Ration            |       |     2 |       ||     2
Armor: Robe              |     3 |    11 |     4 ||    18
Dodge: Dodged            |    22 |    40 |    18 ||    80
